 Dungeon Crawl Stone Soup version 0.17-a0-1-g1f4be75 (console) character file.

197 MarvinPA the Grave Robber (level 5, -7/35 HPs)
             Began as a Mummy Necromancer on Mar 4, 2015.
             Mangled by an ogre
             ... wielding a +0 giant spiked club
              (16 damage)
             ... on level 4 of the Dungeon.
             The game lasted 00:04:59 (3675 turns).

MarvinPA the Grave Robber (Mummy Necromancer)       Turns: 3675, Time: 00:04:59

Health: -7/35      AC:  3    Str: 11    XL:     5   Next: 46%
Magic:  0/12       EV: 12    Int: 19    God:
Gold:   196        SH:  0    Dex: 12    Spells: 3 memorised, 3 levels left

rFire  x x .     SeeInvis .     a - +0 falchion
rCold  + + .     Clarity  .     m - +0 robe
rNeg   + + +     SustAb   .     (no shield)
rPois  ∞         Gourm    .     (no helmet)
rElec  .         Spirit   .     (no cloak)
rCorr  .         Warding  .     (no gloves)
rMut   .         Stasis   .     o - +0 pair of boots
MR     .....                    (no amulet)
Stlth  ++........               n - ring of ice
                                l - +4 ring of intelligence

@: not resistant to hostile enchantments, unstealthy
A: no food or potions, fire vulnerability, restore body, cold resistance 1,
negative energy resistance 3, poison resistance, torment resistance, unbreathing
a: no special abilities


You were on level 4 of the Dungeon.
You were not hungry.

You visited 1 branch of the dungeon, and saw 4 of its levels.

You collected 196 gold pieces.


Innate Abilities, Weirdness & Mutations

You do not eat or drink.
Your flesh is vulnerable to fire.
Your flesh is cold resistant.
You are immune to negative energy.
Your system is resistant to poisons.
You are immune to unholy pain and torment.
You can survive without breathing.


   Skills:
 - Level 1.5 Dodging
 - Level 1.5 Stealth
 + Level 3.9 Spellcasting
 + Level 5.6 Necromancy


You had 3 spell levels left.
You knew the following spells:

 Your Spells              Type           Power        Failure   Level  Hunger
x - Vampiric Draining     Necr           ####......   4%          3    N/A
z - Pain                  Necr           ####         1%          1    N/A
Z - Control Undead        Necr           ####......   14%         4    N/A

Inventory:

Hand weapons
 a - a +0 falchion (weapon)
Armour
 m - a +0 robe (worn)
 o - a +0 pair of boots (worn)
Jewellery
 l - a +4 ring of intelligence (left hand)
 n - a ring of ice (right hand)
Magical devices
 q - a wand of polymorph (17)
Scrolls
 c - a scroll of amnesia {unknown}
 d - 5 scrolls of enchant weapon {unknown}
 e - a scroll of fog {unknown}
 f - a scroll of recharging {unknown}
 g - 3 scrolls of identify {unknown}
 h - 4 scrolls of random uselessness {unknown}
 i - a scroll of enchant armour {unknown}
 j - 3 scrolls of fear {unknown}
 k - 2 scrolls of teleportation {unknown}
 p - 3 scrolls of remove curse {unknown}
Books
 b - a book of Necromancy

Dungeon Overview and Level Annotations

Branches:
Dungeon (4/15)
 Temple: D:4-7

Altars:
Zin
The Shining One

Shops:
D:2

* ..≈≈≈#≈≈≈.. #.##..##.# ##>#
...≈.#≈..≈...####..##.# 8...
#..##..#..≈...# #.....##....
#......≈......# ##.####8....
#......≈......#####.#####....
#........g....#........##8...
#.............#.######.# ...
#######'#######.# #.#
#)))†OM...# #.# ###########
#.# . #.# _# #.######
#......# ########


You could see an ogre.


Message History

Unknown command.
Aiming: Pain
Aim: an ogre, wielding a giant spiked club (moderately wounded, chance 84%)
The ogre convulses in agony!
Unknown command.
Aiming: Pain
Aim: an ogre, wielding a giant spiked club (moderately wounded, chance 84%)
The ogre barely resists.
The ogre closely misses you.
Unknown command.
Aiming: Pain
Aim: an ogre, wielding a giant spiked club (moderately wounded, chance 84%)
The ogre convulses in agony!
The ogre hits you with a giant spiked club!!
Ouch! That really hurt!
* * * LOW HITPOINT WARNING * * *
You hear a shout!
Unknown command.
Aiming: Vampiric Draining
Aim: an ogre, wielding a giant spiked club (heavily wounded)
The ogre is severely wounded.
You feel life coursing into your body.
Unknown command.
You don't have enough magic to cast that spell.
You see here a giant cockroach corpse.
Aiming: Vampiric Draining
Aim: an ogre, wielding a giant spiked club (severely wounded)
The ogre is almost dead.
You feel life coursing into your body.
The ogre hits you with a giant spiked club!
You die...

Action                   |  1- 3 |  4- 6 || total
-------------------------+-------+-------++-------
Melee: Unarmed           |     9 |       ||     9
       Falchion          |     5 |     6 ||    11
 Cast: Pain              |    86 |    47 ||   133
       Vampiric Draining |       |     5 ||     5

Vault maps used:
D:1:      dpeg_arrival_subterranean_lakeside_camping, minivault_23
D:2:      zin_purify, lemuel_old_faithful
D:3:      lemuel_upstairs_altar
D:4:      nicolae_overflow_hidden_temple, first_bread, nrook_mini_vaults,
          serial_bayou_pond_d, kennysheep_generic_room_16

Notes
Turn   | Place    | Note
--------------------------------------------------------------
     0 | D:1      | MarvinPA, the Mummy Necromancer, began the quest for the Orb.
     0 | D:1      | Reached XP level 1. HP: 13/13 MP: 3/3
   619 | D:1      | Reached XP level 2. HP: 19/19 MP: 2/4
  1478 | D:2      | Reached XP level 3. HP: 24/24 MP: 3/6
  1485 | D:2      | Learned a level 3 spell: Vampiric Draining
  1819 | D:2      | Found Zin's Purification Station.
  1822 | D:2      | Found a glowing silver altar of Zin.
  2302 | D:3      | Reached skill level 3 in Spellcasting
  2860 | D:3      | Reached XP level 4. HP: 25/30 MP: 4/9
  2934 | D:3      | Learned a level 4 spell: Control Undead
  3148 | D:3      | Reached skill level 5 in Necromancy
  3458 | D:4      | Found a glowing golden altar of the Shining One.
  3492 | D:4      | Reached XP level 5. HP: 35/35 MP: 4/11
  3666 | D:4      | Noticed an ogre
  3670 | D:4      | HP: 3/35 [ogre/giant spiked club (32)]
  3675 | D:4      | Mangled by an ogre

Vanquished Creatures
  An orc wizard (D:3)
  An orc priest (D:4)
  An iguana (D:4)
  3 gnolls (D:4)
  An adder (D:3)
  2 giant geckos (D:3)
  An ooze (D:2)
  An orc (D:4)
  8 giant cockroaches
  5 hobgoblins (D:1)
  6 jackals
  2 ball pythons
  9 bats
  6 giant newts
  10 goblins
  6 kobolds
  12 rats
75 creatures vanquished.
